Arrhythmia, chaotic female vampiric Convict ---------- |........+ |........| #--------------------------------- |...<....| #................................| |........-## ###|.------------ ------------ | |........| # # # .| |.......@@@#)### | -------.-- % ## ## Arrhythmia the Jail-bird Experience level: 8 Strength: 17 Dexterity: 11 Constitution: 15 Intelligence: 16 Wisdom: 9 Charisma: 8 Health: 0(58) Energy: 42(42) AC: 3 Gold: 0 Moves: 5151 Your Inventory: Weapons f - an [uncursed +0] runed dagger [elven] F - an [uncursed +0] flail (weapon in hand) Armor b - a cursed +0 striped shirt w - an [uncursed] +0 hooded cloak [dwarvish] (being worn) M - an [uncursed] +0 pair of jackboots [high] (being worn) N - an [uncursed] +0 small shield (being worn) P - a [blessed] +0 crested helmet [helmet] (being worn) Q - an [uncursed] +0 ring mail (being worn) R - a [blessed +0] pair of walking shoes [low] X - an [uncursed +0] pair of old gloves [leather] Y - an [uncursed +0] pair of walking shoes [low] Z - an [uncursed +0] small shield Comestibles L - an [uncursed] lizard corpse Scrolls K - an [uncursed] scroll labeled TEMOV [of enchant armor] Tools y - an [uncursed +0] pick-axe G - an [uncursed] expensive camera [0:82] J - an [uncursed] lock pick W - an [uncursed tallow] candle Gems I - an [uncursed] violet gem [fluorite] Spells known in the end: Name Level Category Fail Memory Your skills at the end: Fighting Skills Weapon Skills sling [Basic / Skilled] Spellcasting Skills Final Attributes: You were piously aligned. Hunger level was 714. Your alignment was 20 / 35. Monster difficulty range was 1 - 7. Level difficulty was 7. You were immune to poison. You were immune to level-drain. You were immune to sickness. You could fly. You could survive without air. You regenerated. Your luck was zero. You are dead. Vanquished creatures: 3 watchmen 2 quivering blobs a leprechaun a giant spider a gnome king a lizard a dingo a housecat a jaguar 3 human zombies a water nymph a rock mole a yellow light a violet fungus 3 gnome lords a red naga hatchling 2 wax golems 2 giant ants a floating eye a kitten 6 dwarves a homunculus 2 rabid rats a giant bat an orc zombie a dwarf zombie a wererat an iguana 2 killer bees an acid blob 4 coyotes a gas spore 4 hobbits 5 cave spiders a brown mold 25 gnomes a gnome zombie a gecko 8 jackals 2 foxes a kobold 7 sewer rats 17 grid bugs 3 lichens a kobold zombie 2 newts 129 creatures vanquished. Voluntary challenges: You used a wielded weapon 107 times. You read items or engraved 273 times. You put on armor 18 times. You never genocided any monsters. You never polymorphed an object. You never changed form. You used no wishes. You wrote Elbereth's name 169 times. You never encountered a bones level. You never used any Sokoban shortcuts. Dungeon overview: The Dungeons of Doom: levels 1 to 6 Level 1 a long staircase Level 2 a fountain Level 3 a sink Level 4 a potion shop, a fountain stairs to The Gnomish Mines Level 5 many fountains Level 6 a fountain stairs to Sokoban The Gnomish Mines: levels 5 to 7 Level 5 stairs to The Dungeons of Doom Level 7 <- You were here Sokoban: Level 5 a magic chest stairs to The Dungeons of Doom History has recorded: On T:1 you entered the Dungeons of Doom to retrieve the Amulet of Yendor! On T:610 you reached level 2 of The Dungeons of Doom. On T:625 you advanced to experience level 2. On T:974 you advanced to experience level 3. On T:1059 you reached level 3 of The Dungeons of Doom. On T:1157 you advanced to experience level 4. On T:1515 you reached level 4 of The Dungeons of Doom. On T:1847 you advanced to experience level 5. On T:2066 you reached level 1 of The Gnomish Mines. On T:2182 you advanced to experience level 6. On T:2784 you advanced to experience level 7. On T:3002 you reached level 5 of The Dungeons of Doom. On T:3463 you reached level 6 of The Dungeons of Doom. On T:3738 you reached level 3 of Sokoban. On T:4033 you reached level 2 of The Gnomish Mines. On T:4181 you advanced to experience level 8. On T:4446 you reached level 3 of The Gnomish Mines. Latest messages: The watch captain swings his long sword. The watch captain hits! The watch captain swings his long sword. The watch captain hits! The watchman picks up a knife. [HP-20=24] X - a pair of old gloves. Y - a pair of walking shoes. Z - a small shield. [HP+1=25] The watch captain picks up a forked polearm. [HP+1=26] The doorway blocks your way. The watchman is blinded by the flash! The watchman turns to flee! The watch captain swings his long sword. The watch captain hits! The watch captain swings his long sword. The watch captain hits! You die... Final status: Goodbye Arrhythmia the Convict... You died in The Gnomish Mines on dungeon level 7 with 5304 points, and 0 pieces of gold, after 5151 moves. You were level 8 with a maximum of 58 hit points when you died.